 Dungeon Crawl Stone Soup version 0.19-a0-1882-gbb73ea0 (console) character file.

10019 brucemayne the Severer (level 11, -5/92 HPs)
             Began as a Hill Orc Monk on Oct 14, 2016.
             Was a Priest of Makhleb.
             Slain by a troll (11 damage)
             ... on level 2 of the Orcish Mines.
             The game lasted 00:24:14 (3394 turns).

brucemayne the Severer (Hill Orc Monk)              Turns: 3394, Time: 00:24:14

Health: -5/92      AC: 15    Str: 18    XL:     11   Next: 55%
Magic:  14/14      EV:  6    Int: 10    God:    Makhleb [***...]
Gold:   582        SH:  0    Dex: 13    Spells: 0 memorised, 10 levels left

rFire  . . .     SeeInvis .     y - +2 hand axe (vamp)
rCold  . . .     Gourm    .     z - +0 plate armour
rNeg   . . .     Faith    .     (no shield)
rPois  .         Spirit   .     k - +0 helmet
rElec  .         Dismiss  .     (no cloak)
rCorr  .         Reflect  .     E - +0 pair of gloves
MR     .....     Harm     .     (no boots)
Stlth  ..........               f - amulet of regeneration
                                (no ring)
                                D - +3 ring of slaying

@: very slightly contaminated, hasted and slowed
A: no striking features
a: Minor Destruction, Lesser Servant of Makhleb, Renounce Religion


You were on level 2 of the Orcish Mines.
You worshipped Makhleb.
Makhleb was most pleased with you.
You were not hungry.

You visited 4 branches of the dungeon, and saw 15 of its levels.
You also visited: Sewer.

You collected 627 gold pieces.
You spent 45 gold pieces at shops.

Inventory:

Hand Weapons
 a - a +0 hand axe
 e - a +0 hand axe
 g - a +0 blowgun
 r - a +0 war axe
 y - a +2 vampiric hand axe (weapon)
 H - a +0 war axe
Missiles
 n - 8 poisoned needles
 p - 7 curare-tipped needles
Armour
 b - a +0 robe
 k - a +0 helmet (worn)
 l - a +0 ring mail
 w - a +0 chain mail
 x - a +1 ring mail of cold resistance
 z - a +0 plate armour (worn)
 E - a +0 pair of gloves (worn)
 L - a +0 troll leather armour
Jewellery
 f - an amulet of regeneration (around neck)
 s - an uncursed amulet of magic regeneration
 D - a +3 ring of slaying (left hand)
Scrolls
 h - a scroll of immolation
 i - a scroll of fear {unknown}
 o - a scroll of fog
 u - 2 scrolls of enchant weapon {unknown}
 J - a scroll of recharging {unknown}
Potions
 d - a potion of curing
 v - a potion of flight
 C - a potion of berserk rage {unknown}
 I - a potion of brilliance {unknown}
Books
 m - a book of Cantrips

   Spells                             Type                      Level
   a - Confusing Touch                Hexes                        1
   b - Animate Skeleton               Necromancy                   1
   c - Summon Small Mammal            Summoning                    1
   d - Apportation                    Translocation                1
 q - a book of Conjurations

   Spells                             Type                      Level
   a - Magic Dart                     Conjuration                  1
   b - Searing Ray                    Conjuration                  2
   c - Dazzling Spray                 Conjuration/Hexes            3
   d - Fulminant Prism                Conjuration/Hexes            4
   e - Iskenderun's Mystic Blast      Conjuration                  4
   f - Iskenderun's Battlesphere      Conjuration/Charms           5
 A - a book of Power

   Spells                             Type                      Level
   a - Fulminant Prism                Conjuration/Hexes            4
   b - Iskenderun's Mystic Blast      Conjuration                  4
   c - Venom Bolt                     Conjuration/Poison           5
   d - Bolt of Magma                  Conjuration/Fire/Earth       5
   e - Iron Shot                      Conjuration/Earth            6
   f - Orb of Destruction             Conjuration                  7
   g - Spellforged Servitor           Conjuration/Summoning        7
Comestibles
 c - 3 bread rations
 j - a royal jelly
 B - 3 fruits
 F - a beef jerky
 G - a meat ration


   Skills:
 - Level 7.0 Fighting
 + Level 18.9 Axes
 - Level 6.0 Armour
 - Level 2.4 Dodging
 - Level 1.5 Stealth
 - Level 5.0 Invocations


You had 10 spell levels left.
You didn't know any spells.

Dungeon Overview and Level Annotations

Branches:
Dungeon (11/15)            Temple (1/1) D:4            Lair (1/6) D:11
    Orc (2/2) D:11            Elf (0/3) Orc:2

Altars:
Elyvilon
Makhleb
Okawaru
Trog
Uskayaw
Vehumet
Xom
Beogh
Lugonu

Shops:
D:5 !   Orc:2 *(

Annotations:
D:3 exclusion: downstairs
D:4 Sigmund


Message History

Your orange demon stings the troll!
The troll looks as sick as possible!
Your orange demon poisons the troll!
Your orange demon hits the troll.
Unknown command.
Your hellwing hits the troll!
The troll dies!
Makhleb accepts your kill.
Your orange demon stings the ogre from afar!
The ogre looks as sick as possible!
Your orange demon poisons the ogre!
The ogre hits you with a giant club.
* * * LOW HITPOINT WARNING * * *
Your orange demon stings the ogre from afar!
Unknown command.
Your hellwing hits the ogre!
The ogre dies!
Makhleb accepts your kill.
Your orange demon stings the troll from afar.
Unknown command.
Unknown command.
The troll bites you!
You die...

.## ####....## ###.....# ..#
##..#.....### ##.#....## ..###
#...........## #......... ....#
##............#####......).
....###<..<..........##.#.......)
......)))...........###..........
.......)....###.....#............
.............#.....))........###.
...........####.@......$...### ##
#.........## ###T.........# ##
...........####.#.4........## ##.
.............###.44.........###..
.........<...#...).....#.....#...
.....#.......#......#........#...
....####.........................
.#..# #..............)#..._......
##### ###........#..####.).......


You could see a troll, a friendly orange demon and 2 friendly hellwings.

Vanquished Creatures
  Josephine (D:10)
  A cyclops (Orc:2)
  3 trolls (Orc:2)
  A hippogriff (D:8)
  A wyvern (D:10)
  3 wraiths (D:10)
  Eustachio (D:6)
  2 wargs
  5 orc warriors
  An ice beast (D:7)
  A black bear (D:8)
  2 phantoms
  3 ogres (Orc:2)
  A centaur (D:9)
  3 big kobolds (Sewer)
  3 bullfrogs
  3 howler monkeys
  2 crimson imps
  A quasit (D:11)
  4 orc priests (Orc:2)
  A bullfrog skeleton (D:11)
  4 hounds
  2 iguanas
  8 orc wizards
  2 worker ants
  5 adders
  A gnoll (D:7)
  2 river rats (Sewer)
  A shadow imp (D:11)
  An ooze (Sewer)
  2 adder skeletons
  A worm (Sewer)
  A leopard gecko (D:4)
  22 orcs
  3 giant cockroaches
  3 goblins
  3 hobgoblins
  4 jackals (D:7)
  4 kobolds
  3 quokkas
  4 bats
  2 frilled lizards
  A jackal skeleton (D:5)
  A leopard gecko skeleton (D:7)
  A rat (D:2)
124 creatures vanquished.

Vanquished Creatures (collateral kills)
  2 ogre magi (Orc:2)
  2 deep trolls (Orc:2)
  2 hill giants (Orc:2)
  An orc sorcerer (Orc:2)
  A spiny frog (D:11)
  A gargoyle (D:11)
  3 two-headed ogres (Orc:2)
  5 trolls (Orc:2)
  A hippogriff (D:11)
  A wraith (D:11)
  3 wargs
  An orc warrior (Orc:2)
  12 ogres (Orc:2)
  3 bullfrogs (D:11)
  A howler monkey (D:10)
  An orc priest (Orc:2)
  An orc wizard (Orc:2)
  2 river rats (D:11)
  3 orcs
46 creatures vanquished.

Grand Total: 170 creatures vanquished

Notes
Turn   | Place    | Note
-------+----------+-------------------------------------------
     0 | D:1      | brucemayne the Hill Orc Monk began the quest for the Orb.
     0 | D:1      | Reached XP level 1. HP: 19/19 MP: 1/1
   293 | D:3      | Reached XP level 2. HP: 26/26 MP: 2/2
   303 | D:3      | Reached skill level 5 in Axes
   366 | D:4      | Noticed Sigmund
   517 | D:3      | Reached XP level 3. HP: 27/31 MP: 3/3
   533 | D:4      | Noticed a phantom
   560 | D:4      | Found a staircase to the Ecumenical Temple.
   569 | Temple   | Entered the Ecumenical Temple
   589 | Temple   | Became a worshipper of Makhleb the Destroyer
   589 | Temple   | Reached * piety under Makhleb
   589 | Temple   | Reached ** piety under Makhleb
   716 | D:4      | Found a glowing drain.
   731 | D:4      | Reached skill level 6 in Axes
   747 | Sewer    | Entered a sewer
   790 | Sewer    | Reached XP level 4. HP: 28/39 MP: 4/4
   864 | Sewer    | Noticed a big kobold
   864 | Sewer    | Noticed a big kobold
   882 | Sewer    | Killed a big kobold
   882 | Sewer    | Reached skill level 7 in Axes
   882 | Sewer    | Reached XP level 5. HP: 43/45 MP: 5/5
   901 | Sewer    | Killed a big kobold
   901 | Sewer    | Reached skill level 8 in Axes
   938 | Sewer    | Reached XP level 6. HP: 31/51 MP: 6/6
   997 | Sewer    | Reached skill level 9 in Axes
  1134 | D:4      | Killed a phantom
  1236 | D:4      | Reached skill level 10 in Axes
  1236 | D:4      | Reached XP level 7. HP: 35/57 MP: 7/7
  1253 | D:5      | Entered Level 5 of the Dungeon
  1333 | D:5      | Found a white marble altar of Elyvilon.
  1400 | D:5      | Found Plog's Distillery.
  1408 | D:5      | Bought a potion of curing for 45 gold pieces
  1552 | D:5      | Found an iron altar of Okawaru.
  1682 | D:6      | Noticed Eustachio
  1724 | D:6      | Killed Eustachio
  1724 | D:6      | Reached skill level 5 in Fighting
  1724 | D:6      | Reached skill level 11 in Axes
  1724 | D:6      | Reached XP level 8. HP: 69/69 MP: 8/8
  1772 | D:6      | Reached skill level 1 in Armour
  1907 | D:8      | Noticed a hippogriff
  1923 | D:8      | Killed a hippogriff
  1933 | D:8      | Reached *** piety under Makhleb
  2065 | D:9      | Found a radiant altar of Vehumet.
  2101 | D:9      | Reached skill level 5 in Invocations
  2189 | D:10     | Entered Level 10 of the Dungeon
  2253 | D:10     | Noticed a wraith
  2255 | D:10     | Noticed Josephine
  2256 | D:10     | Noticed a wraith
  2276 | D:11     | Killed a wraith
  2317 | D:11     | Found a staircase to the Lair.
  2320 | D:11     | Noticed a spiny frog
  2327 | D:11     | Killed a spiny frog
  2327 | D:11     | Reached XP level 9. HP: 76/78 MP: 12/12
  2355 | D:11     | Reached skill level 12 in Axes
  2365 | Lair:1   | Entered Level 1 of the Lair of Beasts
  2400 | D:11     | Noticed a gargoyle
  2417 | D:11     | Killed a gargoyle
  2417 | D:11     | Reached skill level 5 in Armour
  2430 | D:11     | Found a staircase to the Orcish Mines.
  2432 | D:11     | Noticed a hill giant
  2433 | D:11     | Noticed a five-headed hydra
  2535 | D:10     | Killed Josephine
  2535 | D:10     | Reached skill level 14 in Axes
  2535 | D:10     | Reached XP level 10. HP: 52/86 MP: 13/13
  2734 | Orc:1    | Entered Level 1 of the Orcish Mines
  2768 | Orc:1    | Reached skill level 15 in Axes
  2784 | Orc:2    | Entered Level 2 of the Orcish Mines
  2830 | Orc:2    | Found a staircase to the Elven Halls.
  3001 | Orc:2    | Found a roughly hewn altar of Beogh.
  3054 | Orc:2    | Noticed an orc sorcerer
  3065 | Orc:2    | Killed an orc sorcerer
  3076 | Orc:2    | Reached skill level 16 in Axes
  3221 | Orc:2    | Found Oxisti's Antique Weapon Emporium.
  3222 | Orc:2    | Found Ovuotoxe's Assorted Antiques.
  3222 | Orc:2    | Noticed a cyclops
  3269 | Orc:2    | Killed a cyclops
  3269 | Orc:2    | Reached skill level 17 in Axes
  3279 | Orc:2    | Noticed an ogre mage
  3291 | Orc:2    | Reached XP level 11. HP: 87/92 MP: 14/14
  3299 | Orc:2    | Noticed a deep troll
  3303 | Orc:2    | Killed an ogre mage
  3308 | Orc:2    | Killed a deep troll
  3335 | Orc:2    | Reached skill level 18 in Axes
  3339 | Orc:2    | Noticed a hill giant
  3344 | Orc:2    | Noticed a cyclops
  3344 | Orc:2    | Noticed a deep troll
  3344 | Orc:2    | Noticed a hill giant
  3345 | Orc:2    | Noticed an ogre mage
  3353 | Orc:2    | Killed a hill giant
  3361 | Orc:2    | Killed a hill giant
  3363 | Orc:2    | Killed a deep troll
  3387 | Orc:2    | Killed an ogre mage
  3390 | Orc:2    | HP: 3/92 [ogre/giant club (4)]
  3394 | Orc:2    | Slain by a troll

Vault maps used:
D:1:      dpeg_arrival_brainrot
D:2:      marbit_many_paths, serial_co_window_serial, co_window_paths_a,
          co_window_paths_a, co_window_of_opportunity_a, co_window_corner_a,
          co_window_paths_b, co_window_corner_a, co_window_paths_a,
          co_window_paths_b, co_window_paths_b, co_window_broadway_a,
          co_window_broadway_b, co_window_2corner, glass_columns_a,
          glass_columns_b, minmay_octomino_j4
D:3:      nicolae_ru_the_path_less_chosen, roderic_bali_sauvastika
D:4:      portal_sewer_entry_d, first_bread, minmay_box_of_dots, uniq_sigmund
D:5:      kennysheep_ying_yang, gammafunk_temple_overflow_claw, serial_shops,
          shop, okawaru_ov_weapons_minmay
D:6:      lemuel_round_altar, uniq_eustachio
D:7:      corexii_shantytown, overflow_temple_1_default,
          hangedman_decor_diamond_cutter
D:8:      overflow_temple_1_default, zin_purify
D:9:      fiery_altar_vehumet, serial_shops, shop
D:10:     uniq_josephine, uniq_joseph
D:11:     dpeg_lair_monsters, minmay_orc_entry_guard_dogs
Temple:   kb_corrupted_temple
Lair:1:   ldierk_geyser, grunt_megastairs_4, uniq_erica
Orc:1:    special_room
Orc:2:    st_orc_open, basic_altar, nicolae_orc_rockfall
Sewer:    sewer_co_tree

Skill      XL: |  1  2  3  4  5  6  7  8  9 10 11 |
---------------+----------------------------------+-----
Axes           | 5 6 7 8 10 11 14 17 18 | 18.9
Fighting       | 5 6 7 |  7.0
Armour         | 4 6 |  6.0
Invocations    | 5 |  5.0
Dodging        | |  2.4
Stealth        | |  1.5

Action                   |  1- 3 |  4- 6 |  7- 9 | 10-12 || total
-------------------------+-------+-------+-------+-------++-------
Melee: Hand axe          |    93 |   168 |   342 |   229 ||   832
Invok: Minor Destruction |     2 |       |       |       ||     2
       Lesser Servant of |       |       |     8 |    15 ||    23
  Use: Scroll            |     4 |       |     1 |     2 ||     7
       Potion            |       |       |     7 |     1 ||     8
 Stab: Sleeping          |     6 |       |       |       ||     6
       Distracted        |       |       |       |     4 ||     4
  Eat: Beef jerky        |       |     1 |       |       ||     1
       Chunk             |       |       |     4 |     4 ||     8
       Bread ration      |       |       |     1 |       ||     1
Armor: Robe              |     4 |       |       |       ||     4
       Ring mail         |    27 |    34 |     7 |       ||    68
       Chain mail        |       |       |   119 |       ||   119
       Plate armour      |       |       |   100 |   105 ||   205
Dodge: Dodged            |    56 |    82 |    99 |    45 ||   282
